[Event "*** Titled Tuesday Blitz"]
[Site "Chess.com"]
[Date "2020.03.03"]
[Round "3"]
[White "Dale"]
[Black "semchik73"]
[Result "1-0"]
[WhiteElo "1911"]
[BlackElo "2299"]
[TimeControl "180+1"]
[EndTime "13:29:31 PST"]
[Termination "Dale won by checkmate"]

1. c3 d5 2. d3 c6 3. e3 Nf6 4.
Nf3 g6 5. Be2 Bg7 6. Nbd2 O-O 7.
Qb3 Nbd7 8. O-O e5 9. Rd1 Re8 10. Bf1 Nc5 11. Qc2 b6 12. Nxe5 Rxe5 13. d4 Re8 14. dxc5 bxc5 15. c4 d4 16. exd4 cxd4 17.
Nb3 Bf5 18. Bd3 Bxd3 19. Qxd3 Ne4 20. Bf4 c5 21. Re1 Nf6 22. Rxe8+ Qxe8 23. Nxc5 Rc8 24. Nb3 Qd7 25. h3 Nh5 26. Be3 f5 27. Rd1 f4 28.
Bxd4 Rd8 29. Rd2 f3 30. Qxf3 Bxd4 31. Rxd4 Qe7 32. Rxd8+ Qxd8 33. Qd5+ Qxd5 34. cxd5 Nf4 35. d6 Kf7 36. g3 Nd3 37. Nd4 Nxb2 38. f4 Ke8 39. Ne6 Kd7 40. Nf8+ Kxd6 41. Nxh7 Ke6 42. Ng5+ Kf5 43. Kf2 Nd3+ 44. Ke3 Nc1 45. g4+ Kf6 46. Ne4+ Ke6 47. Nc3 Kd6 48. Ke4 Kc5 49. h4 Kc4 50. Nd5 Nd3 51. h5 Nc5+ 52. Ke5 gxh5 53. gxh5 Nd7+ 54.
Kd6 Nf8 55. Ke7 Nh7 56. Ne3+ Kd4 57. Ng4 Ke4 58. Nf6+ Nxf6 59. Kxf6 Kxf4 60. h6 Ke4 61. h7 Kd5 62. h8=Q Kd4 63. Qb8 Kd5 64. Qxa7 Kc4 65. Qd7 Kc5 66. Ke5 Kb6 67. Kd5 Ka5 68. Kc5 Ka6 69.
Qc6+ Ka7 70. Qb5 Ka8 71. Kc6 Ka7 72. Qb6+ Ka8 73. Qb7# 1-0

[Event "*** Titled Tuesday Blitz"]
[Site "Chess.com"]
[Date "2020.03.03"]
[Round "3"]
[White "RU_B9"]
[Black "HanSchut"]
[Result "0-1"]
[WhiteElo "1770"]
[BlackElo "2305"]
[TimeControl "180+1"]
[EndTime "13:29:33 PST"]
[Termination "HanSchut won on time"]

1. c4 Nf6 2. Nc3 d5 3. cxd5 Nxd5 4. Nf3 c5 5. e3 Nc6 6. Bc4 Nc7 7.
O-O e6 8. d4 cxd4 9. exd4 Be7 10. Re1 O-O 11. a3 Bf6 12. Be3 a6 13. Qd3 b5 14. Ba2 Bb7 15. Rad1 Ne7 16. Ng5 g6 17. Nce4 Bg7 18. Bxe6 fxe6 19. Nxe6 Qd5 20. Nxc7 Qxe4 21. Qxe4 Bxe4 22. Nxa8 Bxa8 23. Rc1 Nd5 24. Rc2 Re8 25. Rec1 Bb7 26. Re1 Bxd4 27. Rd2 Bxe3 28. fxe3 Re7 29.
e4 Nb6 30. Rd8+ Kg7 31. e5 Nc4 0-1

[Event "*** Titled Tuesday Blitz"]
[Site "Chess.com"]
[Date "2020.03.03"]
[Round "3"]
[White "Rodalquilar"]
[Black "renehp"]
[Result "1-0"]
[WhiteElo "2595"]
[BlackElo "2328"]
[TimeControl "180+1"]
[EndTime "13:29:36 PST"]
[Termination "Rodalquilar won by checkmate"]

1. d4 Nf6 2. Bf4 c5 3. e3 cxd4 4. exd4 d5 5. Nf3 Nc6 6. Nbd2 Bg4 7. c3 e6 8. Bd3 Bd6 9. Bxd6 Qxd6 10. O-O O-O 11. Re1 Rac8 12. a4 Rc7 13. a5 a6 14.
Qb1 Rfc8 15. Ne5 Bh5 16. Re3 Ne7 17. Ndf3 Bg6 18. Ng5 Nf5 19. Rh3 Nd7 20. g4 Ne7 21. Bxg6 Nxg6 22. Ngxf7 Qe7 23. Nxg6 hxg6 24. Qxg6 Nf8 25.
Rh8# 1-0

[Event "*** Titled Tuesday Blitz"]
[Site "Chess.com"]
[Date "2020.03.03"]
[Round "3"]
[White "kinga2008"]
[Black "riconaipe"]
[Result "0-1"]
[WhiteElo "1951"]
[BlackElo "2550"]
[TimeControl "180+1"]
[EndTime "13:29:37 PST"]
[Termination "riconaipe won on time"]

1. e4 e6 2. d4 d5 3. e5 c5 4. c3 f6 5. Nf3 Nc6 6. Bb5 Ne7 7. exf6 gxf6 8. Nh4 Ng6 9. Qh5 Kf7 10. Nxg6 hxg6 11. Qxh8 cxd4 12. Qh7+ Bg7 13. Bh6 Qg8 14. Qxg8+ Kxg8 15. Bxg7 Kxg7 16. Bxc6 bxc6 17. cxd4 e5 18. dxe5 fxe5 19.
O-O Ba6 20. Re1 e4 21. Nd2 Re8 22. Nb3 Kf6 23. Nc5 Bc8 24. Rac1 g5 25. f3 e3 26. Rc3 d4 27. Rc4 Rd8 28. Nd3 Rd6 29. Ra4 Bf5 30. Ra3 a5 31. g4 Bg6 32. Kf1 Bxd3+ 33. Kg1 Bb5 34. Rxa5 d3 35. Rd1 e2 36. Re1 d2 37.
Kf2 dxe1=Q+ 38. Kxe1 Rd1+ 39. Kf2 e1=Q+ 40. Kg2 Rd3 41.
Rxb5 cxb5 0-1

[Event "*** Titled Tuesday Blitz"]
[Site "Chess.com"]
[Date "2020.03.03"]
[Round "3"]
[White "MatthewG-p4p"]
[Black "Jbd735"]
[Result "1-0"]
[WhiteElo "2789"]
[BlackElo "2474"]
[TimeControl "180+1"]
[EndTime "13:29:38 PST"]
[Termination "MatthewG-p4p won on time"]

1. e4 e5 2. Nf3 Nc6 3. Bc4 Bc5 4. b4 Bxb4 5. c3 Ba5 6. d4 d6 7. O-O Nf6 8. Bg5 Bb6 9. Na3 h6 10.
Bh4 g5 11. Nxg5 hxg5 12. Bxg5 Rg8 13. h4 Rxg5 14. hxg5 Nxe4 15. Qh5 d5 16. g6 fxg6 17. Qxg6+ Kf8 18. Qh6+ Kg8 19. Rae1 Bf5 20. Qh5 Bh7 21. Bb3 Nd2 22. Re3 Nxf1 23. Rh3 Qd7 24. Bxd5+ Qxd5 25. Qxh7+ Kf8 26. Qh8+ Ke7 27. Rh7+ Ke6 28. Qxa8 1-0

[Event "*** Titled Tuesday Blitz"]
[Site "Chess.com"]
[Date "2020.03.03"]
[Round "3"]
[White "djano"]
[Black "DonBroca"]
[Result "1-0"]
[WhiteElo "2348"]
[BlackElo "2043"]
[TimeControl "180+1"]
[EndTime "13:29:40 PST"]
[Termination "djano won on time"]

1. c4 Nf6 2. d4 g6 3. Nc3 Bg7 4. e4 d6 5. Be2 O-O 6. Be3 c5 7.
d5 e6 8. Nf3 exd5 9. exd5 Nfd7 10. Qd2 Re8 11. h4 Ne5 12. h5 Ng4 13. hxg6 fxg6 14. Bg5 Qa5 15. Nh2 Ne5 16. O-O Nf7 17. Be3 Nd7 18. f4 Nf6 19. Kh1 Bd7 20. Bf3 a6 21. a4 Qc7 22. a5 Bf5 23. g4 Ne4 24.
Qc1 Ng3+ 25. Kg1 Nxf1 26. Nxf1 Bd7 27. Bf2 Qc8 28. Nh2 g5 29. Ne4 gxf4 30. Qxf4 Ne5 31.
Nxd6 Qd8 32. Nxe8 Qxe8 33. Bg2 Qg6 34. Be4 Qf7 35. Qxf7+ Nxf7 36. Bxc5 Rc8 37. Bb6 Rxc4 38. Bd3 Rb4 39. Re1 Rxb2 40. Re7 1-0

[Event "*** Titled Tuesday Blitz"]
[Site "Chess.com"]
[Date "2020.03.03"]
[Round "3"]
[White "EugeneRougon"]
[Black "platy3"]
[Result "0-1"]
[WhiteElo "2688"]
[BlackElo "2861"]
[TimeControl "180+1"]
[EndTime "13:29:41 PST"]
[Termination "platy3 won by resignation"]

1. e4 e5 2. Nf3 Nc6 3. Bb5 a6 4. Ba4 Nf6 5. O-O b5 6. Bb3 Bb7 7.
d3 Be7 8. Nc3 O-O 9. Nd5 Na5 10.
Nxe7+ Qxe7 11. Bg5 Nxb3 12. axb3 h6 13. Bh4 d6 14. Re1 Qe6 15. Nd2 Nd7 16. f3 f5 17.
Bf2 Qg6 18. d4 Rf7 19. Kh1 Raf8 20. c4 fxe4 21. Nxe4 Rf4 22. d5 Nf6 23. Nxf6+ R8xf6 24. Be3 Rh4 25. Qd2 Qh5 26. h3 Rxf3 27. cxb5 Rfxh3+ 28. gxh3 Rxh3+ 29. Kg1 Rh1+ 30. Kf2 Qf5+ 31. Ke2 Rh2+ 32.
Kd1 Rxd2+ 33. Bxd2 axb5 34. Ra7 Qf3+ 35. Kc2 Qxd5 36. Re3 Qc5+ 0-1

[Event "*** Titled Tuesday Blitz"]
[Site "Chess.com"]
[Date "2020.03.03"]
[Round "3"]
[White "RemcoSpr"]
[Black "NuidisVulko"]
[Result "0-1"]
[WhiteElo "2264"]
[BlackElo "2527"]
[TimeControl "180+1"]
[EndTime "13:29:42 PST"]
[Termination "NuidisVulko won by resignation"]

1. e4 c6 2. d4 d5 3. Nc3 dxe4 4.
Nxe4 Bf5 5. Ng3 Bg6 6. h4 h6 7.
Nf3 Nd7 8. h5 Bh7 9. Bd3 Bxd3 10.
Qxd3 e6 11. Bd2 Ngf6 12. O-O-O Qb6 13. Kb1 Rd8 14. c4 Be7 15. Qe2 O-O 16. c5 Qc7 17. Ne4 Nxe4 18. Qxe4 Nf6 19. Qe2 Rd5 20. g4 Nh7 21. Be3 Rfd8 22. Rhg1 b6 23. g5 Nxg5 24. Nxg5 Bxg5 25. f4 Bxf4 26. Qg4 Bg5 27. Rdf1 bxc5 28. Qe4 cxd4 29. Bxg5 Rxg5 30. Rxg5 hxg5 31. h6 gxh6 32.
Qh1 Kg7 33. Qh5 d3 34. Rh1 Rh8 35. Rf1 d2 36. Qf3 Rd8 37. Qf6+ Kg8 38. Rd1 Kh7 39. a3 Rd7 40. Ka2 Qf4 41. Qc3 Qd6 42. Qh3 Kg7 43.
Qc3+ Qd4 44. Qc2 Qd3 0-1

[Event "*** Titled Tuesday Blitz"]
[Site "Chess.com"]
[Date "2020.03.03"]
[Round "3"]
[White "mbojan"]
[Black "Alexander_Moskalenko"]
[Result "0-1"]
[WhiteElo "2681"]
[BlackElo "2853"]
[TimeControl "180+1"]
[EndTime "13:29:44 PST"]
[Termination "Alexander_Moskalenko won by resignation"]

1. e4 c5 2. Nf3 d6 3. d4 cxd4 4.
Nxd4 Nf6 5. Nc3 Nc6 6. Be2 e5 7.
Nf3 Be7 8. O-O h6 9. Re1 Be6 10.
a3 O-O 11. Bf1 Nh7 12. Nd5 Ng5 13. Nxe7+ Qxe7 14. Nxg5 hxg5 15. Be3 g4 16. Be2 g6 17. Bxg4 f5 18. Bf3 f4 19. Bd2 Nd4 20. Bc3 Nxf3+ 21.
Qxf3 g5 22. Rad1 g4 23. Qd3 Rad8 24. Bb4 Qh4 25. Bxd6 Rf7 26. g3 Qh5 27. Qc3 Rfd7 28. Qc5 b6 29. Qb4 Qh3 30. gxf4 exf4 31. Qb5 f3 32.
Qf1 Qxf1+ 33. Kxf1 Rxd6 34. Rxd6 Rxd6 0-1

[Event "*** Titled Tuesday Blitz"]
[Site "Chess.com"]
[Date "2020.03.03"]
[Round "3"]
[White "karinachess1"]
[Black "PNEPaul"]
[Result "1-0"]
[WhiteElo "2534"]
[BlackElo "1922"]
[TimeControl "180+1"]
[EndTime "13:29:46 PST"]
[Termination "karinachess1 won by resignation"]

1. Nf3 a6 2. c4 d6 3. Nc3 g6 4. d4 Nd7 5. e4 Bg7 6. Bg5 h6 7. Bh4 g5 8. Bg3 e6 9. Be2 Ne7 10. Qd2 b6 11. h4 g4 12. Nh2 h5 13.
Nf1 Bb7 14. Ne3 e5 15. d5 O-O 16. f3 f5 17. exf5 Nxf5 18. Nxf5 Rxf5 19. fxg4 hxg4 20. Bxg4 Rf6 21. Ne4 Nc5 22. Nxf6+ Qxf6 23. Qg5 Ne4 24. Qxf6 Bxf6 25. Bf2 Rf8 26. Be3 Bc8 27. Bxc8 Rxc8 28. O-O-O Rf8 29. g4 Ng3 30. Rh3 Ne2+ 31. Kd2 Nd4 32.
Bxd4 exd4 33. Kd3 Be5 34. h5 Bf4 35. Rf1 Kg7 36. Rhf3 1-0

[Event "*** Titled Tuesday Blitz"]
[Site "Chess.com"]
[Date "2020.03.03"]
[Round "3"]
[White "GadimbayliA"]
[Black "Volodar_Murzin"]
[Result "1-0"]
[WhiteElo "2905"]
[BlackElo "2697"]
[TimeControl "180+1"]
[EndTime "13:29:47 PST"]
[Termination "GadimbayliA won by resignation"]

1. e4 c6 2. Nf3 d5 3. exd5 cxd5 4. d4 Nc6 5. Ne5 e6 6. Bb5 Qb6 7. c4 Nf6 8. Nc3 Bb4 9. O-O O-O 10. c5 Qc7 11. Bf4 Bxc3 12. bxc3 Nxe5 13. Bxe5 Qd8 14. Bd6 Ne4 15. Bxf8 Nxc3 16. Qb3 Nxb5 17. Bxg7 Kxg7 18. Qxb5 Qc7 19. Rab1 Rb8 20. Rfe1 Bd7 21. Qb3 Bc6 22. Re5 Kh8 23. Qf3 Qe7 24. h3 Rg8 25. Rbe1 Rg7 26. Qh5 Rg6 27. R1e3 Be8 28. Qd1 Qh4 29. Rf3 Kg8 30.
Ree3 Kf8 31. Rg3 Rf6 32. Ref3 Rxf3 33. Rxf3 Ke7 34. Qd2 f6 35. Rg3 Bg6 36. Qb4 Qf4 37. c6+ Kf7 38. cxb7 Qb8 39. Rc3 a5 40. Qb6 Bc2 1-0

[Event "*** Titled Tuesday Blitz"]
[Site "Chess.com"]
[Date "2020.03.03"]
[Round "3"]
[White "Sordis"]
[Black "chesstatour"]
[Result "1-0"]
[WhiteElo "2350"]
[BlackElo "2047"]
[TimeControl "180+1"]
[EndTime "13:29:47 PST"]
[Termination "Sordis won on time"]

1. c4 c5 2. g3 Nf6 3. Bg2 d5 4.
cxd5 Nxd5 5. Nc3 Nc7 6. Qa4+ Nd7 7. Nf3 g6 8. d4 Bg7 9. dxc5 O-O 10. c6 Nb6 11. Qc2 bxc6 12. O-O e5 13. Rd1 Qe7 14. b3 Ncd5 15. Bb2 Ba6 16. a3 e4 17. Nd4 e3 18. f4 Rac8 19. Nf3 Nxc3 20. Bxc3 Bxc3 21.
Qxc3 Bxe2 22. Re1 Nd5 23. Qd4 Bxf3 24. Bxf3 Rfe8 25. Re2 Nf6 26. Rae1 Rcd8 27. Qc3 Qd6 28. Rxe3 Rxe3 29. Qxe3 Nd5 30. Qc1 Kg7 31. b4 Qf6 32.
Kg2 1-0

[Event "*** Titled Tuesday Blitz"]
[Site "Chess.com"]
[Date "2020.03.03"]
[Round "3"]
[White "Martins-BR"]
[Black "violetflower04"]
[Result "0-1"]
[WhiteElo "2325"]
[BlackElo "2095"]
[TimeControl "180+1"]
[EndTime "13:29:47 PST"]
[Termination "violetflower04 won by resignation"]

1. e4 c5 2. Nf3 Nc6 3. Nc3 e6 4. d4 cxd4 5. Nxd4 Nf6 6. a3 d5 7. Bb5 Qc7 8. exd5 exd5 9. O-O Be6 10. Re1 O-O-O 11. Rxe6 fxe6 12. Nxe6 Qe5 13. Nxd8 Nxd8 14. Be3 Bd6 15. g3 a6 16. Bf1 Nc6 17. Ne2 Qxb2 18. Nd4 Qc3 19. Rb1 h5 20. Rb3 Qa5 21. Nxc6 bxc6 22. Bb6 Qa4 23. h3 h4 24. Qf3 Rh5 25.
g4 Re5 26. Be3 Kc7 27. g5 Ne4 28. Qf7+ Re7 29. Qg6 d4 30. Bc1 Qa5 31. Kg2 Qd5 32. f3 Ng3 33. Bd3 Qe5 34. Qh5 Nxh5 0-1

[Event "*** Titled Tuesday Blitz"]
[Site "Chess.com"]
[Date "2020.03.03"]
[Round "3"]
[White "Vyacheslav_N"]
[Black "Perecke"]
[Result "0-1"]
[WhiteElo "2535"]
[BlackElo "2304"]
[TimeControl "180+1"]
[EndTime "13:29:49 PST"]
[Termination "Perecke won by checkmate"]

1. e4 e5 2. Nc3 Nf6 3. f4 d5 4. fxe5 Nxe4 5. Qf3 Nxc3 6. dxc3 Bc5 7. Bf4 c6 8. O-O-O Be6 9. Qg3 g6 10. h4 Nd7 11. Nf3 Qb6 12. Ng5 O-O-O 13. Bd3 d4 14. c4 Bb4 15. a3 Bc3 16. bxc3 dxc3 17. Rde1 Qb2+ 18. Kd1 Nc5 19. Bc1 Qb1 20. Nxe6 Nxd3 21.
Nxd8 Qxc1+ 22. Ke2 Qd2+ 23. Kf3 Nxe1+ 24. Qxe1 Rxd8 25.
Qxd2 Rxd2 26. Rc1 Kd7 27. Ke3 Ke6 28. Rf1 Rxc2 29. Rf6+ Ke7 30. Rf4 Rxg2 31. Kd3 c2 32. Rf1 Rh2 33. Rc1 Ke6 34. Rf1 Kxe5 35. Re1+ Kd6 36.
Kc3 Kc5 37. Re5+ Kd6 38. Re1 Re2 39. Rf1 f5 40. h5 Rf2 41. Rh1 g5 42. Kb2 g4 43.
Re1 g3 44. Re8 g2 45. Rd8+ Ke7 46. Rg8 Kf7 47. Rg3 f4 48. Rg4 f3 49. h6 Rf1 50.
Rg7+ Kf6 51. Kxc2 g1=Q 52. Rxg1 Rxg1 53. Kd3 f2 54. Ke3 f1=Q 55. Ke4 Rg4+ 56. Ke3 Qxc4 57.
a4 Qb3+ 58. Kf2 Rxa4 59. Kg2 Ra2+ 60. Kg1 Qb1# 0-1

[Event "*** Titled Tuesday Blitz"]
[Site "Chess.com"]
[Date "2020.03.03"]
[Round "3"]
[White "SoltaniciR"]
[Black "DinaBelenkaya"]
[Result "1-0"]
[WhiteElo "2512"]
[BlackElo "2283"]
[TimeControl "180+1"]
[EndTime "13:29:50 PST"]
[Termination "SoltaniciR won by resignation"]

1. e4 c6 2. c4 d5 3. exd5 cxd5 4.
cxd5 Nf6 5. Qa4+ Nbd7 6. Nc3 a6 7. Nf3 b6 8. d4 Bb7 9. Qb3 b5 10.
a4 Qb6 11. axb5 axb5 12. Rxa8+ Bxa8 13. Bxb5 g6 14. O-O Bg7 15. Qa4 Bb7 16. Ne5 Bc8 17. Be3 Qc7 18. Bf4 Qd8 19. Nc6 Qb6 20. d6 e6 21. Ne7 Bb7 22. Be5 Kd8 23. Bxd7 Nxd7 24. Bxg7 Re8 25. Be5 f6 26. Bg3 Rf8 27. Qb5 Qxb5 28.
Nxb5 Ba6 29. Nc7 Bxf1 30. Nxe6+ Ke8 31. Nxf8 Nxf8 32. Kxf1 Kd7 33. Ke2 Ne6 34. d5 Nd4+ 35. Kd3 Nb3 36. Kc3 1-0

[Event "*** Titled Tuesday Blitz"]
[Site "Chess.com"]
[Date "2020.03.03"]
[Round "3"]
[White "Nesty_Javi_Chess"]
[Black "hansen"]
[Result "0-1"]
[WhiteElo "2700"]
[BlackElo "2921"]
[TimeControl "180+1"]
[EndTime "13:29:52 PST"]
[Termination "hansen won on time"]

1. e4 c5 2. Nf3 e6 3. d4 cxd4 4. Nxd4 a6 5. Bd3 Bc5 6. Nb3 Be7 7. Nc3 d6 8. Be3 Nf6 9. f4 Nc6 10. Qf3 Qc7 11. g4 b5 12. O-O-O Bb7 13. g5 Nd7 14.
Kb1 Nb4 15. h4 O-O-O 16. a3 Nxd3 17. cxd3 Nc5 18. Nd4 Kb8 19. b4 Nb3 20. Nce2 Nxd4 21. Bxd4 f6 22. Rc1 Qd7 23. Qe3 Rc8 24. Bb6 e5 25.
gxf6 Bxf6 26. f5 g6 27. fxg6 hxg6 28. Nc3 Rxh4 29. Nd5 Bxd5 0-1

[Event "*** Titled Tuesday Blitz"]
[Site "Chess.com"]
[Date "2020.03.03"]
[Round "3"]
[White "NM2019"]
[Black "AyMitecK"]
[Result "1-0"]
[WhiteElo "2034"]
[BlackElo "2320"]
[TimeControl "180+1"]
[EndTime "13:29:55 PST"]
[Termination "NM2019 won by resignation"]

1. c4 Nf6 2. Nf3 c5 3. g3 d5 4. cxd5 Nxd5 5. Bg2 Nc6 6. O-O e5 7. Nc3 Nc7 8. d3 Be7 9. b3 O-O 10. Bb2 f6 11. Rc1 Bd7 12. Nh4 Re8 13. Nd5 Bf8 14.
Nxc7 Qxc7 15. e3 Qd6 16. Qe2 Rad8 17. Rfd1 Bc8 18. Be4 g6 19. Bg2 b6 20. a3 Ba6 21.
Bf1 Bb5 22. Qg4 Bg7 23. Qf3 a5 24. Bg2 f5 25. a4 e4 26. dxe4 fxe4 27. Rxd6 exf3 28.
Rxd8 Nxd8 29. Bxg7 fxg2 30. axb5 Kxg7 31. Rd1 Nf7 32.
Rd7 Re4 33. Rb7 Rb4 34. Rxb6 Rxb3 35. Rb7 a4 36. Nf3 Kf6 37. Kxg2 a3 38. Ra7 c4 39.
Nd4 Nd6 40. Ra6 Ke5 41. Nxb3 cxb3 42. Rxa3 Kd5 43. Rxb3 1-0

[Event "*** Titled Tuesday Blitz"]
[Site "Chess.com"]
[Date "2020.03.03"]
[Round "3"]
[White "elohunter1999"]
[Black "Darhild"]
[Result "0-1"]
[WhiteElo "2437"]
[BlackElo "2693"]
[TimeControl "180+1"]
[EndTime "13:29:56 PST"]
[Termination "Darhild won by resignation"]

1. e4 c5 2. Nf3 d6 3. d4 cxd4 4. Nxd4 Nf6 5. Nc3 a6 6. Bg5 e6 7. f4 h6 8. Bh4 Qb6 9. Qd2 Qxb2 10. Rb1 Qa3 11. e5 dxe5 12. fxe5 g5 13. exf6 gxh4 14.
Be2 Qa5 15. O-O Nd7 16. Kh1 Qg5 17. Qd3 Nc5 18. Qc4 Bd7 19. Bf3 Rc8 20. Qe2 Bd6 21. Ne4 Qe5 22. Nxd6+ Qxd6 23. Nf5 Qc7 24. Bxb7 Rb8 25. Ng7+ Kd8 26. Bxa6 h3 27. Rxb8+ Qxb8 28. Rd1 hxg2+ 29. Qxg2 Nxa6 30. Qc6 Qa7 31. h4 Nb8 32. Qd6 Qc7 33. Qe7+ Kc8 34. Rd6 Rd8 35. c4 Bc6+ 36.
Rxc6 Nxc6 37. Qxc7+ Kxc7 38. Kh2 Rd4 39. Kg3 Ne5 40.
Ne8+ Kd7 41. Ng7 Rxc4 42. h5 Rg4+ 43. Kh3 Ra4 0-1

[Event "*** Titled Tuesday Blitz"]
[Site "Chess.com"]
[Date "2020.03.03"]
[Round "3"]
[White "vlad_Sid"]
[Black "Fandorine"]
[Result "0-1"]
[WhiteElo "2699"]
[BlackElo "2907"]
[TimeControl "180+1"]
[EndTime "13:29:58 PST"]
[Termination "Fandorine won by resignation"]

1. c4 e5 2. g3 Nc6 3. Bg2 g6 4.
Nc3 Bg7 5. Nf3 Nge7 6. O-O O-O 7. d3 d6 8. Rb1 a5 9. a3 h6 10. b4 f5 11. b5 Nb8 12. Qc2 g5 13. Nd2 Nd7 14.
Bb2 Rb8 15. Nd5 b6 16. Rbc1 Ng6 17. e3 Nf6 18. Nb1 Nh7 19. Nbc3 g4 20. f3 h5 21. Ne2 Bd7 22. f4 Rc8 23. e4 h4 24. fxe5 h3 25.
Bh1 dxe5 26. exf5 Bxf5 27. Be4 Bxe4 28. dxe4 Ng5 29. Rxf8+ Qxf8 30. Rf1 Qc5+ 31. Kh1 Rf8 32. Rxf8+ Nxf8 33. Ng1 Nf3 34. Nxf3 gxf3 35. Bc1 f2 36. Qe2 Qd4 37. Ne7+ Kf7 0-1

[Event "*** Titled Tuesday Blitz"]
[Site "Chess.com"]
[Date "2020.03.03"]
[Round "3"]
[White "GameOverBro"]
[Black "Galiev_Azat"]
[Result "1-0"]
[WhiteElo "2583"]
[BlackElo "2288"]
[TimeControl "180+1"]
[EndTime "13:30:02 PST"]
[Termination "GameOverBro won by checkmate"]

1. e4 c5 2. Ne2 Nc6 3. Nbc3 g6 4. d4 cxd4 5. Nxd4 Bg7 6. Nde2 d6 7. g3 Nf6 8. Bg2 O-O 9. O-O Bd7 10. a4 Rc8 11. h3 a6 12. Re1 Qa5 13. Nd5 Nxd5 14. exd5 Ne5 15. Ra2 Bxh3 16. Bxh3 Nf3+ 17. Kf1 Rxc2 18.
Nc3 Nxe1 19. Bd2 Rxd2 20. Qxd2 Nf3 21. Qe2 Ne5 22. f4 Nd7 23. Bxd7 Bxc3 24. bxc3 Qxc3 25. Kg2 Qc5 26. Qf3 Rd8 27. Bh3 e5 28. dxe6 fxe6 29. Bxe6+ Kg7 30. Qxb7+ Kh6 31. Qe4 d5 32. Qe5 Qc4 33. Ra1 Qe4+ 34. Qxe4 dxe4 35. Re1 Rd4 36. a5 Ra4 37. Bc8 Rxa5 38. Rxe4 Ra2+ 39. Kh3 a5 40. Re7 a4 41. Ra7 a3 42. Be6 Ra1 43. Bg8 g5 44. f5 g4+ 45. Kxg4 a2 46. Rxh7# 1-0

[Event "*** Titled Tuesday Blitz"]
[Site "Chess.com"]
[Date "2020.03.03"]
[Round "3"]
[White "MITerryble"]
[Black "francyIM"]
[Result "1/2-1/2"]
[WhiteElo "2916"]
[BlackElo "2709"]
[TimeControl "180+1"]
[EndTime "13:30:04 PST"]
[Termination "Game drawn by agreement"]

1. e4 e5 2. Nf3 Nc6 3. c3 d5 4. Qa4 f6 5. d3 Be6 6. Nbd2 Ne7 7. Be2 Qd7 8. Qc2 g5 9. b4 a6 10. a3 h5 11. h4 g4 12. Nh2 Ng6 13. g3 f5 14. Nhf1 f4 15. Bb2 f3 16. Bd1 d4 17. c4 a5 18. b5 Nd8 19. Qb1 b6 20.
a4 Nb7 21. Nb3 Bb4+ 22. Nfd2 Qe7 23. Qc1 Nf8 24. Bc2 Nd7 25. Kf1 Kf7 26. Ba3 Kg6 27. Kg1 Rhg8 28. Kh2 Kh7 29. Kg1 Qf6 30. Kh2 Qf8 31.
Ra2 Qe7 32. Kg1 Rgc8 33. Bd1 c6 34. bxc6 Rxc6 35. Bc2 Qg7 36. Kh2 Bc3 37. Nb1 Bb4 38.
N1d2 Bf8 39. Bxf8 Qxf8 40. Qa3 Qxa3 41. Rxa3 Kg7 42. Rb1 Kf7 43. Kg1 Ke7 44. Kf1 Kd6 45. Ke1 Kc7 46. Bd1 Nbc5 47. Nxc5 bxc5 48. Rb5 Rb6 49.
Nb3 Rxb5 50. axb5 Kb6 51. Nc1 Nf6 52. Kd2 Ne8 53. Bb3 Nd6 54. Ra4 Bf7 55. Kd1 Bg6 56. Bc2 Ra7 57. Kd2 Be8 58. Kd1 Bd7 59. Kd2 Be6 60.
Kd1 Nc8 61. Kd2 Kc7 62. Nb3 Kb6 63. Nc1 Ra8 64. Kd1 Nd6 65. Kd2 Bf7 66. Kd1 Be8 67.
Ke1 Nb7 68. Bd1 Rd8 69. Nb3 Rd6 70. Nd2 Rf6 71. Bc2 Bd7 72. Bd1 Rf8 73. Bc2 Ra8 74. Bd1 Nd6 75. Bc2 Be6 76. Bd1 Bf7 77. Bc2 Be8 78. Bd1 Bd7 79. Bc2 1/2-1/2

[Event "*** Titled Tuesday Blitz"]
[Site "Chess.com"]
[Date "2020.03.03"]
[Round "3"]
[White "Enriquack"]
[Black "deBaller"]
[Result "0-1"]
[WhiteElo "2037"]
[BlackElo "2356"]
[TimeControl "180+1"]
[EndTime "13:30:06 PST"]
[Termination "deBaller won by resignation"]

1. e4 e6 2. d4 d5 3. Nc3 Nf6 4. Bg5 Be7 5. e5 Nfd7 6. h4 h6 7. Bxe7 Qxe7 8. Nb5 Nb6 9. c3 a6 10.
Na3 c5 11. Nc2 Nc6 12. Nf3 Bd7 13. Qd2 Rc8 14. Rh3 Nc4 15. Bxc4 dxc4 16. O-O-O b5 17. dxc5 Rd8 18. Qd6 O-O 19. Qc7 a5 20. Nfd4 Be8 21. Qb6 Nxe5 22. b3 Nd3+ 23. Kb1 Nxf2 24. Rf1 Nxh3 25.
gxh3 cxb3 26. axb3 Rc8 27. c6 Qc7 28. Qxb5 Bxc6 29. Qh5 Be4 30. c4 Qd6 31. Rd1 Rb8 32. Kb2 a4 33. Qg4 Bxc2 0-1

[Event "*** Titled Tuesday Blitz"]
[Site "Chess.com"]
[Date "2020.03.03"]
[Round "3"]
[White "mitraasz"]
[Black "Kislov_Oleg"]
[Result "0-1"]
[WhiteElo "2165"]
[BlackElo "2537"]
[TimeControl "180+1"]
[EndTime "13:30:07 PST"]
[Termination "Kislov_Oleg won by checkmate"]

1. d4 Nf6 2. Nf3 d5 3. e3 e6 4.
Bd3 c5 5. Nbd2 Nc6 6. b3 Bd6 7. Bb2 O-O 8. O-O b6 9. Ne5 Bb7 10. a3 Nd7 11. f4 g6 12. Rf3 f5 13. Rg3 Nf6 14. dxc5 bxc5 15. Nxg6 Ng4 16. Rxg4 fxg4 17. Qxg4 Kf7 18. Nxf8 Qxf8 19. Bxh7 Qh6 20. Nf3 d4 21. Ng5+ Ke7 22. exd4 Nxd4 23. Bxd4 cxd4 24. Re1 Bd5 25.
Bf5 Rh8 26. h3 Qh4 27. Bxe6 Qxe1+ 28. Kh2 Bxe6 29. Nxe6 Qxe6 30. Qg7+ Qf7 31. Qg5+ Kd7 32. Qb5+ Kd8 33. Qa5+ Bc7 34. Qg5+ Kc8 35. Qg4+ Kb8 36. g3 Re8 37. h4 Qe6 38. Qg7 Qe2+ 39. Kh3 Qe6+ 40.
Kh2 Rg8 41. Qxd4 Qe2+ 42. Kh1 Qe1+ 43. Kh2 Qxg3+ 44. Kh1 Qg2# 0-1

[Event "*** Titled Tuesday Blitz"]
[Site "Chess.com"]
[Date "2020.03.03"]
[Round "3"]
[White "Rsnr"]
[Black "moro182"]
[Result "0-1"]
[WhiteElo "2814"]
[BlackElo "2693"]
[TimeControl "180+1"]
[EndTime "13:30:10 PST"]
[Termination "moro182 won by checkmate"]

1. d4 Nf6 2. c4 e6 3. Nf3 d5 4.
g3 dxc4 5. Bg2 c5 6. O-O Nc6 7. Ne5 Nxe5 8. dxe5 Qxd1 9. Rxd1 Nd7 10. Na3 Be7 11.
Nxc4 Rb8 12. a4 O-O 13. Be3 Rd8 14. Rd2 Nb6 15. Rxd8+ Bxd8 16. Nd6 Nd7 17. f4 b6 18.
Rd1 Ba6 19. Nxf7 Kxf7 20. Rxd7+ Be7 21. Kf2 Bc4 22. Rxa7 Rd8 23. Be4 Rd1 24. f5 exf5 25. Bxf5 h6 26. a5 Rh1 27. Kg2 Bd5+ 28. Kh3 Re1 29. axb6 Rxe2 30. Bxc5 Bg2+ 31. Kg4 h5+ 32. Kf4 g5# 0-1

[Event "*** Titled Tuesday Blitz"]
[Site "Chess.com"]
[Date "2020.03.03"]
[Round "3"]
[White "MarcoRiehle"]
[Black "Chessalary"]
[Result "1-0"]
[WhiteElo "2756"]
[BlackElo "2275"]
[TimeControl "180+1"]
[EndTime "13:30:10 PST"]
[Termination "MarcoRiehle won by resignation"]

1. e4 Nf6 2. e5 Nd5 3. Nc3 Nxc3 4. dxc3 d6 5. Nf3 Bg4 6. h3 Bxf3 7. Qxf3 d5 8. c4 e6 9. cxd5 Qxd5 10. Qxd5 exd5 11.
Bf4 Nd7 12. O-O-O c6 13. c4 Nb6 14. cxd5 Nxd5 15. Bg3 Bc5 16. Bc4 O-O-O 17. a3 Rd7 18. Rhe1 Rhd8 19. e6 fxe6 20. Rxe6 Nc7 21. Rxd7 Rxd7 22.
Re2 Bd6 23. Bxd6 Rxd6 24. Re7 Rd7 25. Rxd7 Kxd7 26. Kd2 Kd6 27. Ke3 b5 28. Bg8 h6 29.
Ke4 c5 30. Kf5 Nd5 31. Bf7 c4 32. Kg6 Nf4+ 33. Kxg7 Nxg2 34. Kxh6 a5 35. Kg5 Ke5 36. h4 Nxh4 37. Kxh4 Kf6 38. Bxc4 bxc4 39. Kg4 Ke5 40.
f4+ Kd4 41. f5 Kd3 42. f6 Kc2 43. f7 Kxb2 44. f8=Q c3 45. Qf6 Kb3 46. Qb6+ Kxa3 47. Qxa5+ Kb2 48. Qb4+ Kc2 49. Kf3 Kd2 50. Ke4 Kc2 51. Kd4 1-0

[Event "*** Titled Tuesday Blitz"]
[Site "Chess.com"]
[Date "2020.03.03"]
[Round "3"]
[White "nocnypako"]
[Black "Bad4life"]
[Result "1-0"]
[WhiteElo "2570"]
[BlackElo "2276"]
[TimeControl "180+1"]
[EndTime "13:30:10 PST"]
[Termination "nocnypako won on time"]

1. d4 Nf6 2. c4 g6 3. Nc3 Bg7 4. e4 d6 5. Nf3 O-O 6. Be2 e5 7. O-O exd4 8. Nxd4 Re8 9. f3 c6 10. Kh1 Nbd7 11. Rb1 a5 12. Bg5 Qb6 13. Nc2 Qc5 14. Qd2 Nb6 15. b3 Nfd7 16. Be3 Qe5 17. Bd4 Qe7 18. Bxg7 Kxg7 19. Rbd1 d5 20. cxd5 cxd5 21.
Nxd5 Nxd5 22. Qxd5 a4 23. Bb5 axb3 24. axb3 Nf6 25. Qd4 Rf8 26. e5 Ng8 27. e6+ Qf6 28.
exf7 Rxf7 29. Ne3 Be6 30. Bc4 Bxc4 31. Nxc4 Ra2 32. h3 h5 33. Nd6 Qxd4 34. Rxd4 Re7 35. Ne4 Rb2 36. Rb4 Nh6 37. g4 1-0